 Dungeon Crawl Stone Soup version 0.29.1-12-g30fa7ad0bf (webtiles) character file.

Game seed: 14120931496078990993

5460 tesmudgin the Cleaver (level 10, -2/89 HPs)
             Began as a Minotaur Fighter on Jan 14, 2023.
             Slain by a troll (10 damage)
             ... on level 9 of the Dungeon.
             The game lasted 00:33:36 (9402 turns).

tesmudgin the Cleaver (Minotaur Fighter)            Turns: 9402, Time: 00:33:39

Health: -2/89      AC: 16    Str: 24    XL:     10   Next: 41%
Magic:  9/9        EV: 12    Int:  5    God:
Gold:   461        SH: 12    Dex: 11    Spells: 9/9 levels left

rFire   + . .      SeeInvis .   a - +2 war axe
rCold   . . .      Faith    .   p - +2 kite shield
rNeg    + . .      Spirit   .   n - +5 leather armour of Demons {rN+}
rPois   .          Reflect  .   (helmet restricted)
rElec   .          Harm     .   s - +1 cloak
rCorr   .          Rampage  .   t - +0 pair of gloves
Will    .....                   (no boots)
Stlth   +.........              (no amulet)
HPRegen 0.00/turn               m - ring of protection from fire
MPRegen 0.11/turn               k - +4 ring of protection

@: lethally poisoned (-2 -> -10), inhibited regen, very slow
A: horns 2, retaliatory headbutt, inhibited regeneration
a: no special abilities


You were on level 9 of the Dungeon.
You visited 2 branches of the dungeon, and saw 10 of its levels.
You also visited: Ossuary.

You collected 461 gold pieces.

Inventory:

Hand Weapons
 a - a +2 war axe (weapon)
Armour
 b - a +0 scale mail
 c - a +0 buckler
 j - a +2 robe of cold resistance
 n - the +5 leather armour of Demons (worn) {rN+}
   (You found it on level 4 of the Dungeon)

   rN:        It protects you from negative energy.
 p - a +2 kite shield (worn)
 s - a +1 cloak (worn)
 t - a +0 pair of gloves (worn)
Jewellery
 k - a +4 ring of protection (right hand)
 m - a ring of protection from fire (left hand)
Wands
 d - a wand of flame (23)
 q - a wand of digging (5)
 y - a wand of acid (8)
Scrolls
 f - 7 scrolls of identify
 g - a scroll of fog
 h - 2 scrolls of teleportation
 o - a scroll of noise
 r - a scroll of silence
 u - a scroll of blinking
 D - a scroll of magic mapping {unknown}
 E - a scroll of amnesia
 F - a scroll of fear
Potions
 e - 2 potions of attraction {unknown}
 i - 6 potions of curing
 l - a potion of berserk rage {unknown}
 v - a potion of degeneration {unknown}
 w - 2 potions of heal wounds {unknown}
 x - 2 potions of brilliance {unknown}
 z - 2 potions of haste {unknown}
 A - 2 potions of mutation {unknown}
 B - a potion of might
 C - a potion of ambrosia {unknown}


   Skills:
 + Level 8.3 Fighting
 + Level 12.0 Axes
 + Level 6.7 Armour
 + Level 5.2 Dodging
 + Level 2.5 Stealth
 + Level 9.2 Shields


You had 9 spell levels left.
You didn't know any spells.
Your spell library contained the following spells:

 Spells                   Type           Power      Damage    Failure   Level
 Ozocubu's Armour         Ice            0%         N/A       99%         3
 Corpse Rot               Necr/Pois/Air  0%         N/A       100%        4
 Dispel Undead            Necr           0%         3d6       100%        4
 Blade Hands              Tmut           0%         N/A       100%        5
 Irradiate                Conj/Tmut      0%         3d11      100%        5
 Metabolic Englaciation   Hex/Ice        0%         N/A       100%        5
 Death Channel            Necr           0%         N/A       100%        6
 Simulacrum               Ice/Necr       0%         N/A       100%        6
 Dragon Form              Tmut           0%         N/A       100%        7
 Ozocubu's Refrigeration  Ice            0%         4d7       100%        7


Dungeon Overview and Level Annotations

Branches:
Dungeon (9/15)             Temple (1/1) D:4         Ossuary (visited)
   Lair: D:8-11         Orc: D:9-12

Altars:
Ashenzari
Cheibriados
Dithmenos
Elyvilon
Fedhas
Gozag
Hepliaklqana
Kikubaaqudgha
Makhleb
Nemelex Xobeh
Qazlal
Ru
Trog
Uskayaw
Vehumet
Wu Jian
Xom
Yredelemnul
Zin
The Shining One

Shops:
D:3 [

Annotations:
D:8 OhItsWolfy's ghost, novice GrHu
D:9 KittyFluff's ghost, novice GrBe


Innate Abilities, Weirdness & Mutations

You have a pair of horns on your head.
You reflexively headbutt those who attack you in melee.
You do not regenerate when monsters are visible.


Message History

The killer bee stings you but does no damage.
The killer bee stings you.
You are more poisoned.
The killer bee poisons you! The troll bites you but does no damage.
The troll misses you. The troll claws you.
Your unstable footing causes you to fumble your attack.
You feel very sick. You block the killer bee's attack.
The killer bee stings you but does no damage. x2
You block the killer bee's attack. The killer bee barely misses you. x2
You furiously retaliate!
You headbutt the killer bee. The killer bee barely misses you.
You block the killer bee's attack. The troll bites you but does no damage.
The troll claws you but does no damage. You block the troll's attack.
You closely miss the killer bee.
The killer bee is almost dead.
You miss the killer bee. x2; You hit the troll.
You hit the killer bee.
You feel sick. The killer bee misses you. The killer bee barely misses you.
You furiously retaliate!
You headbutt the killer bee.
The killer bee stings you but does no damage.
You block the killer bee's attack. The killer bee misses you.
The killer bee barely misses you. The killer bee misses you.
You furiously retaliate!
You headbutt the killer bee!
You kill the killer bee!
The killer bee barely misses you. The troll closely misses you.
You block the troll's attack. The troll claws you but does no damage.
You barely miss the troll.
The troll is lightly wounded.
You closely miss the killer bee.
You hit the killer bee. x2; You feel sick.
You block the killer bee's attack. The killer bee barely misses you.
You block the killer bee's attack. The killer bee barely misses you.
You furiously retaliate!
You headbutt the killer bee, but do no damage.
The killer bee barely misses you. You block the killer bee's attack.
The troll bites you!
* * * LOW HITPOINT WARNING * * *
The troll claws you.
* * * LOW HITPOINT WARNING * * *
The troll claws you!
You die...

....... ..P.....
....... .. ?......
....... .. .......
........
##'#####..... ......
#..#......#....
.....
#..#......#.K######
####
##..#......#Ky~≈≈≈≈≈
#...#####'#~@T≈≈≈≈≈#
#...........yy≈≈≈≈##
#...........≈≈~≈≈##
#...........~.~~##
##...........~≈~~...
#............~~~~.##
#.[##''###..~~≈.~...
#..#.....#..~≈~~~...
#..#.....#....~~~...


You could see a troll, 2 kobold brigands and 3 killer bees.

Vanquished Creatures
  Pikel (D:5)
  A cyclops (D:9)
  A kobold demonologist (D:9)
  A troll (D:9)
  A hornet (D:7)
  A shadow (D:9)
  3 wyverns
  4 yaks (D:8)
  2 wraiths (D:8)
  An ice beast (D:8)
  A black bear (D:9)
  2 phantoms
  2 elf zombies (Ossuary)
  3 bullfrogs (D:9)
  6 scorpions
  Blork the orc (D:4)
  A gnoll sergeant (D:8)
  7 necrophages
  2 killer bees (D:9)
  A howler monkey (D:7)
  A bullfrog zombie (D:5)
  A centaur zombie (Ossuary)
  2 hounds (D:6)
  3 jellies
  A human zombie (Ossuary)
  6 orc priests
  3 orc wizards
  Terence (D:3)
  2 mummies (Ossuary)
  A howler monkey zombie (D:5)
  7 adders
  3 gnolls (D:8)
  A shadow imp (D:6)
  3 white imps
  2 ufetubi
  2 adder zombies
  A worm (D:3)
  A dart slug (D:1)
  22 orcs
  2 endoplasms (D:1)
  A giant cockroach (D:4)
  A goblin (D:1)
  5 hobgoblins
  A quokka (D:3)
  5 ball pythons
  7 bats
  2 frilled lizards
  3 goblin zombies
  10 hobgoblin zombies (Ossuary)
  A jackal zombie (Ossuary)
  9 kobolds
  13 kobold zombies (Ossuary)
  4 orc zombies (Ossuary)
  A quokka zombie (D:8)
  5 rats (D:1)
  2 rat zombies (Ossuary)
177 creatures vanquished.

Vanquished Creatures (others)
  A bush (D:5)
  50 fungi (D:9)
  55 plants
  2 withered plants (D:1)
108 creatures vanquished.

Grand Total: 285 creatures vanquished

Notes
Turn   | Place    | Note
-------+----------+-------------------------------------------
     0 | D:1      | tesmudgin the Minotaur Fighter began the quest for the Orb.
     0 | D:1      | Reached XP level 1. HP: 19/19 MP: 0/0
   196 | D:1      | Found a faded altar of an unknown god.
   208 | D:1      | Reached XP level 2. HP: 16/27 MP: 1/1
  1029 | D:2      | Reached skill level 3 in Axes
  1029 | D:2      | Reached XP level 3. HP: 28/33 MP: 2/2
  1162 | D:2      | Found a blossoming altar of Fedhas.
  1398 | D:3      | Noticed Terence
  1405 | D:3      | Killed Terence
  1477 | D:3      | Found Erobuk's Armour Shoppe.
  1935 | D:3      | Found a hazy altar of Hepliaklqana.
  1936 | D:3      | Found a shadowy altar of Dithmenos.
  1936 | D:3      | Noticed a shadow
  1938 | D:3      | Reached XP level 4. HP: 38/40 MP: 3/3
  2277 | D:4      | Noticed Blork the orc
  2282 | D:4      | Killed Blork the orc
  2283 | D:4      | Reached skill level 4 in Axes
  2283 | D:4      | Reached XP level 5. HP: 47/47 MP: 4/4
  2319 | D:4      | Reached skill level 5 in Armour
  2319 | D:4      | Reached skill level 1 in Dodging
  2351 | D:4      | Reached XP level 6. HP: 15/53 MP: 5/5
  2576 | D:4      | Found a glowing golden altar of the Shining One.
  2579 | D:4      | Noticed an angel
  2593 | D:4      | Found a basalt altar of Yredelemnul.
  2595 | D:4      | Noticed a profane servitor
  2670 | D:4      | Identified the +5 leather armour of Demons {rN+}
  2691 | D:4      | Found a burning altar of Makhleb.
  2753 | D:4      | Reached skill level 5 in Axes
  2777 | D:4      | Found a staircase to the Ecumenical Temple.
  2800 | Temple   | Entered the Ecumenical Temple
  3028 | D:4      | Found a bloodstained altar of Trog.
  3117 | D:5      | Entered Level 5 of the Dungeon
  3210 | D:5      | Reached skill level 5 in Shields
  3312 | D:5      | Found a snail-covered altar of Cheibriados.
  3384 | D:5      | Noticed Pikel
  3400 | D:5      | Killed Pikel
  3401 | D:5      | Reached skill level 5 in Fighting
  3401 | D:5      | Reached skill level 7 in Axes
  3401 | D:5      | Reached XP level 7. HP: 41/61 MP: 6/6
  3869 | D:5      | Found a blossoming altar of Fedhas.
  3958 | D:5      | Reached XP level 8. HP: 69/69 MP: 7/7
  3967 | D:5      | Reached skill level 1 in Stealth
  4401 | D:5      | Reached skill level 8 in Axes
  4557 | D:6      | Found an opulent altar of Gozag.
  4557 | D:6      | Found a stormy altar of Qazlal.
  4708 | D:6      | Reached skill level 9 in Axes
  5530 | D:7      | Reached XP level 9. HP: 71/78 MP: 8/8
  5950 | D:7      | Found a broken altar of Ashenzari.
  6203 | D:7      | Paralysed by a hornet for 1 turns
  7079 | D:8      | Reached skill level 10 in Axes
  7101 | D:8      | Found a sand-covered staircase.
  7110 | Ossuary  | Entered an ossuary
  7490 | Ossuary  | Reached skill level 11 in Axes
  7622 | D:8      | Found a runed translucent gate.
  7622 | D:8      | Found a runed translucent gate.
  7622 | D:8      | Found a runed translucent gate.
  7623 | D:8      | Noticed OhItsWolfy's ghost (novice GrHu)
  8244 | D:8      | HP: 4/81 [poisoned by OhItsWolfy's ghost]
  8761 | D:9      | Reached XP level 10. HP: 74/88 MP: 9/9
  8963 | D:9      | Found a runed translucent gate.
  8963 | D:9      | Found a runed translucent gate.
  8963 | D:9      | Noticed KittyFluff's ghost (novice GrBe)
  8964 | D:9      | Found a runed translucent gate.
  8987 | D:9      | Noticed a cyclops
  8997 | D:9      | Killed a cyclops
  9166 | D:9      | Gained mutation: You do not regenerate when monsters are
                  | visible. [a neqoxec]
  9167 | D:9      | Noticed a soul eater
  9168 | D:9      | Reached skill level 5 in Dodging
  9396 | D:9      | Reached skill level 12 in Axes
  9402 | D:9      | Slain by a troll

Illustrated notes

Levels and vault maps discovered:
D:1:      grunt_arrival_crossed_arrows, layout_rooms,
          ebering_ecumenical_altar_petrified, minmay_misc_feat_nine_boxes,
          nicolae_figureground_pulse
D:2:      layout_rooms, basic_altar, minmay_misc_feat_cross,
          kennysheep_flooded_box, minmay_tetromino_s2
D:3:      layout_loops_cross, riverfiend_overflow_shadow_ancestor, serial_shops,
          shop, uniq_terence
D:4:      layout_basic, grunt_temple_overflow_holy_war, old_standard_altar,
          marbit_many_paths, minmay_temple_entry_large_hall, uniq_blork_the_orc
D:5:      layout_layer_cave, lemuel_doored_altar, fedhas_altar_decomposition,
          hangedman_minor_gate_pass, uniq_pikel
D:6:      layout_basic, amethyst_overflow_temple_binary
D:7:      layout_layer_cave, kennysheep_mini, st_stairs_5, minivault_23,
          chequers_serial_rivers_micro_a
D:8:      layout_cave_pools, enter_ossuary_4, gammafunk_ghost_spectres
D:9:      layout_irregular_city, due_lair_maze_entry_diamond, serial_rivers,
          chequers_serial_rivers_micro_a, chequers_serial_rivers_large_a,
          chequers_serial_rivers_large_b, chequers_serial_rivers_room_b,
          gammafunk_ghost_nasty_kobolds
Temple:   dpeg_three_leaves_temple

Skill      XL: |  1  2  3  4  5  6  7  8  9 10 |
---------------+-------------------------------+-----
Fighting       | 4 5 6 7 8 |  8.3
Armour         | 4 5 6 |  6.7
Axes           | 3 4 7 9 11 12 | 12.0
Shields        | 4 5 6 8 9 |  9.2
Dodging        | 1 2 3 4 5 |  5.2
Stealth        | 1 2 |  2.5

Action                   |  1- 3 |  4- 6 |  7- 9 | 10-12 || total
-------------------------+-------+-------+-------+-------++-------
Melee: War axe           |    89 |    80 |   319 |    67 ||   555
       Headbutt          |     8 |     7 |    54 |    11 ||    80
  Use: Scroll            |     7 |     3 |    11 |     1 ||    22
       Potion            |     1 |       |     2 |       ||     3
 Stab: Sleeping          |       |       |     1 |       ||     1
Armor: Scale mail        |    42 |    11 |       |       ||    53
       Leather armour    |       |    22 |   102 |    43 ||   167
Dodge: Dodged            |    36 |    21 |   101 |    48 ||   206
Block: Buckler           |     7 |       |       |       ||     7
       Kite shield       |    21 |    33 |   177 |    67 ||   298
